 Dungeon Crawl Stone Soup version 0.22-a0-322-g60b3cfd (webtiles) character file.

19012 xccam the Cleaver (level 13, -1/99 HPs)
             Began as a Formicid Fighter on Apr 2, 2018.
             Was a High Priest of Cheibriados.
             Slain by a meliai
             ... wielding a +1 war axe of electrocution
              (16 damage)
             ... on level 12 of the Dungeon.
             The game lasted 00:26:47 (11765 turns).

xccam the Cleaver (Formicid Fighter)               Turns: 11765, Time: 00:26:47

Health: -1/99      AC: 17    Str: 39    XL:     13   Next: 1%
Magic:  18/18      EV: 17    Int: 22    God:    Cheibriados [*****.]
Gold:   742        SH: 15    Dex: 25    Spells: 12/12 levels left

rFire    . . .     SeeInvis +   b - +0 broad axe
rCold    . . .     Gourm    .   c - +0 shield
rNeg     . . .     Faith    .   A - +0 plate armour
rPois    .         Spirit   .   (helmet unavailable)
rElec    .         Reflect  .   x - scarf {cloud immunity}
rCorr    .         Harm     .   o - +2 pair of gloves
MR       +....                  (no boots)
Stlth    ..........             (no amulet)
HPRegen  0.26/turn              i - +3 ring of evasion
MPRegen  0.16/turn              E - ring of loudness (curse)

@: very slow
A: permanent stasis, dig shafts and tunnels, four strong arms, antennae 3
a: Dig, Shaft Self, Bend Time, Temporal Distortion, Slouch, Step From Time,
Renounce Religion


You were on level 12 of the Dungeon.
You worshipped Cheibriados.
Cheibriados was extremely pleased with you.
You were hungry.

You visited 2 branches of the dungeon, and saw 12 of its levels.
You also visited: Ossuary.

You collected 742 gold pieces.

Inventory:

Hand Weapons
 a - a +0 war axe
 b - a +0 broad axe (weapon)
 z - a +0 battleaxe
Armour
 c - a +0 shield (worn)
 o - a +2 pair of gloves (worn)
 x - a scarf of cloud immunity (worn)
 A - a +0 plate armour (worn)
 J - a +2 cloak
Jewellery
 d - an uncursed amulet of faith
 i - a +3 ring of evasion (left hand)
 E - a cursed ring of loudness (right hand)
Wands
 n - a wand of flame (13)
 w - a wand of digging (2)
 B - a wand of acid (13)
 I - a wand of disintegration (7)
Scrolls
 h - a scroll of random uselessness {unknown}
 k - 2 scrolls of remove curse
 l - a scroll of enchant weapon {unknown}
 p - 2 scrolls of amnesia {unknown}
 s - 4 scrolls of magic mapping
 t - 2 scrolls of identify
 u - 2 scrolls of enchant armour {unknown}
 y - a scroll of acquirement {unknown}
 D - a scroll of immolation {unknown}
 H - a scroll of summoning {unknown}
Potions
 e - a potion of invisibility {unknown}
 g - 2 potions of cancellation
 j - 2 potions of magic
 m - 4 potions of brilliance
 q - 3 potions of mutation
 r - 3 potions of curing
 v - 3 potions of flight
Comestibles
 f - 19 rations


   Skills:
 - Level 8.4 Fighting
 + Level 13.4 Axes
 - Level 8.4 Armour
 - Level 6.3 Dodging
 - Level 9.0 Shields
 - Level 7.9 Invocations


You had 12 spell levels left.
You didn't know any spells.

Dungeon Overview and Level Annotations

Branches:
Dungeon (12/15)            Temple (1/1) D:6            Lair (0/6) D:9
    Orc (0/2) D:11

Altars:
Cheibriados
Fedhas
Hepliaklqana
Kikubaaqudgha
Nemelex Xobeh
Okawaru
Ru
Sif Muna
Trog
Uskayaw
Vehumet
Wu Jian
Xom
The Shining One

Shops:
D:10 ?


Innate Abilities, Weirdness & Mutations

You cannot be hasted, slowed, berserked, paralysed or teleported.
You can dig through walls and to a lower floor.
Your four strong arms can wield two-handed weapons with a shield.
You have a pair of large antennae on your head. (SInv)


Message History

You are feeling hungry.
You start resting.
You sense a monster nearby.
You start resting.
Magic restored.
A meliai comes into view.
It is wielding a war axe of electrocution.
The meliai buzzes angrily.
The meliai mumbles some strange prayers to its god against you.
Something smites you! The meliai hits you but does no damage.
You are electrocuted!
* * * LOW HITPOINT WARNING * * *
You block the meliai's attack. The meliai closely misses you.
The meliai completely misses you.
Your plate armour prevents you from hitting the meliai.
The meliai misses you. You block the meliai's attack.
The meliai hits you with a war axe of electrocution!
* * * LOW HITPOINT WARNING * * *
You block the meliai's attack.
You closely miss the meliai. The meliai hits you but does no damage.
You are electrocuted!
You die...

#......# #..#..# #...# #..#
#......# #..#..# #...# #..# .
#......# #..#..# #...# #..# .#
#......###..#†.##..##...# #..# .#
#...........#..##..##...# #..# .#
#.......{...#..##..##...# #..# .#
#.......##..#..##..##...###..# .#
#.......##..#..##..##........#
.###.......##..#@.##..##.........
..†........##...y.##..##...##....
.###.......##....)##.......##..##
.# #...{...##.....##....(..##..#
.# #......p##.....##...##..##..#
.# #.......##.....##...##..##..#
.# #.......##.....##...##..##..#
.# #.......##..........# ..# .#
#..###..##..........# ..#


You could see a meliai.

Vanquished Creatures
  Kirke (D:12)
  The ghost of GameOver the Destroyer, a journeyman NaWz of Cheibriados (D:10)
  2 two-headed ogres
  The ghost of Amnesiac the Destroyer, a journeyman TeAE of Sif Muna (D:12)
  A cyclops (D:11)
  A manticore (D:11)
  2 ugly things
  Maurice (D:10)
  A centaur skeleton (D:11)
  A gargoyle (D:9)
  The ghost of sankara the Firebug, a novice DrFE (D:4)
  A komodo dragon (D:9)
  A kobold demonologist (D:11)
  2 trolls
  A meliai (D:12)
  A hornet (D:7)
  A hippogriff (D:9)
  Sigmund (D:6)
  4 yaks (D:9)
  4 wyverns
  Grum (D:8)
  2 humans (D:8)
  A hog (D:12)
  An acid dragon (D:12)
  The ghost of Amnesiac the Gusty, an amateur TeAE (D:3)
  4 orc warriors
  A black bear (D:11)
  3 phantoms
  4 sky beasts
  5 ice beasts
  9 ogres
  4 necrophages (D:10)
  4 wolves (D:8)
  6 centaurs
  3 big kobolds
  An elf zombie (Ossuary)
  3 bullfrogs
  A gnoll sergeant (D:9)
  16 killer bees
  3 scorpions
  16 wights
  6 crimson imps
  4 howler monkeys
  5 centaur zombies
  2 bullfrog zombies
  5 hounds
  3 quasits
  A human zombie (Ossuary)
  6 orc priests
  A bullfrog skeleton (D:11)
  3 jellies
  Terence (D:3)
  5 iguanas
  12 orc wizards
  11 worker ants
  2 killer bee zombies (D:10)
  3 big kobold zombies (Ossuary)
  3 hound zombies
  2 hound skeletons
  7 mummies
  A worker ant zombie (D:10)
  13 adders
  4 gnolls (D:9)
  A howler monkey skeleton (D:11)
  2 shadow imps
  An ooze (D:4)
  2 adder zombies (Ossuary)
  An adder skeleton (D:7)
  4 worms
  A dart slug (D:3)
  4 leopard geckos
  40 orcs
  2 ball pythons
  5 giant cockroaches
  11 goblins
  7 hobgoblins
  10 jackals
  22 kobolds
  4 quokkas
  8 bats
  9 frilled lizards
  A giant cockroach zombie (D:6)
  4 goblin zombies (Ossuary)
  4 hobgoblin zombies (Ossuary)
  A jackal skeleton (D:4)
  5 jackal zombies
  3 kobold zombies (Ossuary)
  A leopard gecko skeleton (D:3)
  2 orc zombies (Ossuary)
  2 quokka skeletons
  5 quokka zombies (Ossuary)
  7 rats
  A rat zombie (Ossuary)
  A plant (D:9)
  3 withered plants (D:10)
392 creatures vanquished.

Vanquished Creatures (others)
  A human (D:12)
  A killer bee (D:12)
  A plant (D:9)
3 creatures vanquished.

Grand Total: 395 creatures vanquished

Notes
Turn   | Place    | Note
-------+----------+-------------------------------------------
     0 | D:1      | xccam the Formicid Fighter began the quest for the Orb.
     0 | D:1      | Reached XP level 1. HP: 18/18 MP: 1/1
     9 | D:1      | Noticed a komodo dragon
     9 | D:1      | Noticed a tyrant leech
     9 | D:1      | Noticed a queen ant
     9 | D:1      | Noticed an ettin
   378 | D:1      | Reached XP level 2. HP: 23/24 MP: 2/2
   422 | D:1      | Reached skill level 3 in Axes
   876 | D:2      | Reached XP level 3. HP: 29/29 MP: 3/3
  1273 | D:2      | Reached skill level 4 in Axes
  1273 | D:2      | Reached XP level 4. HP: 35/35 MP: 4/4
  1942 | D:2      | Reached XP level 5. HP: 41/41 MP: 5/5
  2444 | D:3      | Reached skill level 5 in Axes
  2471 | D:3      | Noticed Terence
  2482 | D:3      | Killed Terence
  2571 | D:3      | Noticed Amnesiac's ghost (amateur TeAE)
  2587 | D:3      | Killed Amnesiac's ghost
  2587 | D:3      | Reached skill level 6 in Axes
  2587 | D:3      | Reached XP level 6. HP: 16/47 MP: 6/6
  3213 | D:3      | Found a deep blue altar of Sif Muna.
  3339 | D:4      | Reached XP level 7. HP: 44/52 MP: 7/7
  3350 | D:4      | Noticed sankara's ghost (novice DrFE)
  3351 | D:4      | Reached skill level 7 in Axes
  3371 | D:4      | Killed sankara's ghost
  3371 | D:4      | Reached skill level 8 in Axes
  3371 | D:4      | Reached XP level 8. HP: 25/58 MP: 8/8
  3583 | D:4      | Found a sand-covered staircase.
  3589 | Ossuary  | Entered an ossuary
  3650 | Ossuary  | Reached skill level 9 in Axes
  3958 | D:4      | Found a glowing golden altar of the Shining One.
  3986 | D:4      | Found a bloodstained altar of Trog.
  4192 | D:4      | Found an ancient bone altar of Kikubaaqudgha.
  4197 | D:4      | You fall through a shaft for 2 floors!
  4211 | D:6      | Reached skill level 10 in Axes
  4256 | D:6      | Noticed Sigmund
  4271 | D:6      | Killed Sigmund
  4271 | D:6      | Reached skill level 5 in Shields
  4271 | D:6      | Reached XP level 9. HP: 44/64 MP: 9/9
  4328 | D:6      | Found a sacrificial altar of Ru.
  4331 | D:6      | Found a blossoming altar of Fedhas.
  4331 | D:6      | Found a radiant altar of Vehumet.
  4334 | D:6      | Found a shimmering altar of Xom.
  4921 | D:6      | Found a staircase to the Ecumenical Temple.
  4974 | Temple   | Entered the Ecumenical Temple
  5016 | Temple   | Became a worshipper of Cheibriados the Contemplative
  5173 | D:6      | Reached skill level 1 in Dodging
  5476 | D:7      | Noticed a two-headed ogre
  5492 | D:7      | Killed a two-headed ogre
  5492 | D:7      | Reached XP level 10. HP: 16/73 MP: 10/10
  5503 | D:7      | Reached skill level 5 in Fighting
  5503 | D:7      | Reached skill level 5 in Armour
  6116 | D:7      | Reached * piety under Cheibriados
  6561 | D:7      | Found an ornate altar of the Wu Jian Council.
  6770 | D:8      | Found an iron altar of Okawaru.
  6964 | D:8      | Reached skill level 1 in Invocations
  7056 | D:8      | Found an iron altar of Okawaru.
  7066 | D:8      | Reached ** piety under Cheibriados
  7250 | D:8      | Noticed Grum
  7272 | D:8      | Killed Grum
  7272 | D:8      | Reached skill level 5 in Dodging
  7272 | D:8      | Reached XP level 11. HP: 76/84 MP: 13/13
  7871 | D:9      | Reached *** piety under Cheibriados
  8170 | D:9      | Reached skill level 5 in Invocations
  8359 | D:9      | Found a hide-covered altar of Uskayaw.
  8359 | D:9      | Noticed a hand axe
  8359 | D:9      | Noticed a hand axe
  8528 | D:9      | Reached **** piety under Cheibriados
  8691 | D:9      | Found a staircase to the Lair.
  8766 | D:10     | Entered Level 10 of the Dungeon
  8766 | D:10     | Found Ajaa's Magic Scroll Shop.
  8777 | D:10     | Noticed GameOver's ghost (journeyman NaWz)
  8797 | D:10     | Killed GameOver's ghost
  9226 | D:10     | Noticed Maurice
  9293 | D:10     | Reached ***** piety under Cheibriados
  9334 | D:10     | Reached XP level 12. HP: 88/94 MP: 17/17
  9446 | D:10     | Killed Maurice
  9577 | D:10     | Noticed a two-headed ogre
  9585 | D:10     | Killed a two-headed ogre
  9941 | D:11     | Reached skill level 11 in Axes
 10332 | D:11     | Found a staircase to the Orcish Mines.
 10548 | D:11     | Reached skill level 12 in Axes
 11099 | D:12     | Noticed Amnesiac's ghost (journeyman TeAE)
 11127 | D:12     | Killed Amnesiac's ghost
 11585 | D:12     | Noticed Kirke
 11594 | D:12     | Killed Kirke
 11594 | D:12     | Reached skill level 13 in Axes
 11730 | D:12     | Reached XP level 13. HP: 44/99 MP: 18/18
 11765 | D:12     | Slain by a meliai

Vault maps used:
D:1:      onia_arrival_zoo_common
D:2:      wad_river_or_something, first_ration
D:3:      led_sif_pool, uniq_terence
D:4:      kennysheep_mini_moat, lemuel_round_altar, kennysheep_mini,
          nicolae_ossuary_entry_plus, hangedman_decor_peaks_small, bloody_trog
D:6:      grunt_temple_overflow_open, minmay_temple_entry_statues_pillars,
          uniq_sigmund
D:7:      kennysheep_little_box, grunt_ogre_cave
D:8:      marbit_many_paths, okawaru_humans, uniq_grum
D:9:      dancing_weapons_uskayaw, david_lair_shrubbed
D:10:     serial_shops, nicolae_shop_waterfront, serial_undead, serial_undead_b,
          serial_undead_c, serial_undead_c, serial_undead_f, serial_undead_e,
          serial_undead_c, serial_undead_e, serial_undead_c, serial_undead_e,
          serial_undead_a, uniq_maurice
D:11:     orc_0_dummy
D:12:     special_room, uniq_kirke
Temple:   nicolae_temple_figure_zero
Ossuary:  minmay_ossuary_two_tombs

Skill      XL: |  1  2  3  4  5  6  7  8  9 10 11 12 |
---------------+-------------------------------------+-----
Axes           | 3 4 6 8 10 13 | 13.4
Shields        | 5 9 |  9.0
Dodging        | 2 5 6 |  6.3
Fighting       | 4 7 8 |  8.4
Armour         | 4 6 8 |  8.4
Invocations    | 3 7 |  7.9

Action                   |  1- 3 |  4- 6 |  7- 9 | 10-12 | 13-15 || total
-------------------------+-------+-------+-------+-------+-------++-------
Melee: War axe           |    87 |   199 |   432 |   605 |       ||  1323
       Broad axe         |       |       |       |   234 |     2 ||   236
Invok: Slouch            |       |       |       |       |     1 ||     1
Evoke: Wand              |       |       |       |     4 |       ||     4
  Use: Potion            |     4 |     1 |     6 |     6 |       ||    17
       Scroll            |       |       |     5 |     5 |       ||    10
  Eat: Chunk             |     1 |     4 |     7 |    10 |       ||    22
       Ration            |       |     1 |       |     1 |       ||     2
Armor: Scale mail        |    32 |    49 |    91 |       |       ||   172
       Skin              |       |       |    12 |    22 |       ||    34
       Ring mail         |       |       |     2 |   102 |       ||   104
       Plate armour      |       |       |       |    54 |     2 ||    56
Dodge: Dodged            |    55 |    71 |   141 |   417 |     3 ||   687
Block: Shield            |    62 |   105 |   203 |   576 |     3 ||   949

Table legend:
 A = Spawn XP
 B = Non-spawn XP
 C = Spawn XP percentage of total XP
 D = Spawn monster count
 E = Non-spawn monster count
 F = Spawn count percentage of total count
 G = Total turns spent on level
                    A         B        C        D         E        F      G
               +---------+---------+-------+---------+---------+-------+---------
         Total |       0 |   27161 |   0.0 |       0 |     388 |   0.0 | 11765
               +---------+---------+-------+---------+---------+-------+---------
           D:1 |       0 |      25 |   0.0 |       0 |      16 |   0.0 |   874
           D:2 |       0 |     121 |   0.0 |       0 |      41 |   0.0 |  1493
           D:3 |       0 |     312 |   0.0 |       0 |      27 |   0.0 |   892
           D:4 |       0 |     682 |   0.0 |       0 |      23 |   0.0 |   634
           D:6 |       0 |    1624 |   0.0 |       0 |      46 |   0.0 |  1517
           D:7 |       0 |    2965 |   0.0 |       0 |      32 |   0.0 |   967
           D:8 |       0 |    2033 |   0.0 |       0 |      28 |   0.0 |   940
           D:9 |       0 |    3584 |   0.0 |       0 |      36 |   0.0 |  1356
          D:10 |       0 |    5831 |   0.0 |       0 |      50 |   0.0 |   882
          D:11 |       0 |    4347 |   0.0 |       0 |      32 |   0.0 |  1164
          D:12 |       0 |    5147 |   0.0 |       0 |      19 |   0.0 |   690
       Ossuary |       0 |     490 |   0.0 |       0 |      38 |   0.0 |   304
               +---------+---------+-------+---------+---------+-------+---------
